 Dungeon Crawl Stone Soup version 0.29.0-4-gdea44cf6ec (webtiles) character file.

Game seed: 9537233364455331483

21 qw the Chopper (level 2, 0/17 HPs)
             Began as a Tengu Warper on Aug 28, 2022.
             Succumbed to their own poison gas
             ... on level 1 of the Dungeon.
             The game lasted 00:00:05 (851 turns).

qw the Chopper (Tengu Warper)                        Turns: 851, Time: 00:00:05

Health: 0/17       AC:  5    Str: 11    XL:     2   Next: 83%
Magic:  6/6        EV: 10    Int: 13    God:
Gold:   56         SH:  0    Dex: 13    Spells: 5/5 levels left

rFire   . . .      SeeInvis .   Y - +0 hand axe
rCold   . . .      Faith    .   (no shield)
rNeg    . . .      Spirit   .   l - +0 ring mail
rPois   .          Reflect  .   (helmet restricted)
rElec   .          Harm     .   (no cloak)
rCorr   .          Rampage  .   (no gloves)
Will    .....                   (boots unavailable)
Stlth   +.........              (no amulet)
HPRegen 0.05/turn               (no ring)
MPRegen 0.10/turn               (no ring)

@: lethally poisoned (0 -> -6), invisible
A: beak, talons 3
a: no special abilities


You were on level 1 of the Dungeon.
You visited 1 branch of the dungeon, and saw 1 of its levels.

You collected 56 gold pieces.


Innate Abilities, Weirdness & Mutations

You have a beak for a mouth.
You have claws for feet.


   Skills:
 - Level 2.0 Fighting
 + Level 3.6 Axes
 - Level 1.0 Throwing
 - Level 1.1 Armour
 - Level 2.1 Dodging
 - Level 2.0 Spellcasting
 - Level 2.4 Translocations


You had 5 spell levels left.
You didn't know any spells.
Your spell library contained the following spells:

 Spells                   Type           Power      Damage    Failure   Level
 Blink                    Tloc           14%        N/A       34%         2
 Gell's Gravitas          Tloc           7%         N/A       56%         3
 Lesser Beckoning         Tloc           7%         N/A       56%         3
 Teleport Other           Tloc           7%         N/A       56%         3
 Manifold Assault         Tloc           7%         N/A       99%         5

Inventory:

Hand Weapons
 j - a +0 club
 Y - a +0 hand axe (weapon)
Armour
 l - a +0 ring mail (worn)
Scrolls
 a - a scroll of identify
Potions
 h - a potion of resistance
 i - a potion of heal wounds {unknown}

Dungeon Overview and Level Annotations

Branches:
Dungeon (1/15)

Altars:


Message History

841 ||| READING scroll labelled ZABERODADA.
As you read the scroll labelled ZABERODADA, it crumbles to dust.
The air around you briefly surges with heat, but it dissipates.
It was a scroll of immolation.
Done exploring.
842 ||| READING scroll labelled MAOMED QEGRE.
The air fills with toxic fumes!
As you read the scroll labelled MAOMED QEGRE, it crumbles to dust.
It was a scroll of poison.
Done exploring.
843 ||| DRINKING 2 red potions.
It was a potion of invisibility.
You fade into invisibility!
Done exploring.
844 ||| READING 2 scrolls of identify.
As you read the scroll of identify, it crumbles to dust.
h - a potion of resistance
844 ||| IDENTIFYING viscous orange potion Done exploring.
845 ||| DROPPING scroll of blinking.
You drop a scroll of blinking.
Done exploring.
846 ||| DROPPING potion of invisibility.
You drop a potion of invisibility.
Done exploring.
(D) Dungeon
Where to? (* - list waypoints, ? - help)
What level of the Dungeon? (default 1, ? - help) Sorry, I don't know how to get there.
Done exploring.
847 ||| Stepping randomly (stuck).
Really walk into that cloud of poison gas?
You are poisoned.
You feel very sick.
848 ||| Stepping ~*~*~tactically~*~*~ (cloud).
You feel very sick.
Items here: ! = ? [.
There is a lethal amount of poison in your body!
You feel sick.
There is a lethal amount of poison in your body!
You feel sick.
There is a lethal amount of poison in your body!
You die...

##### #######0¤0# #¤¤0¤00¤¤0#
########## #¤¤¤¤¤0¤00# #.........
####### #¤00¤00¤¤0# #.........
......# #¤¤0¤¤¤@0¤# #.........
......# #¤00¤0¤¤0¤# #.........
......####¤00¤¤¤0¤0#####._.......
......'..#####00¤¤¤¤¤......>.....
......##..^8^¤0000¤########'#####
.#############¤¤0¤0# #.#
##########...¤¤0#### #.#
.............#### ##'#####
############.# #.......


There were no monsters in sight!

Vanquished Creatures
  An endoplasm (D:1)
  A giant cockroach (D:1)
  4 goblins (D:1)
  2 hobgoblins (D:1)
  2 kobolds (D:1)
  3 quokkas (D:1)
  3 bats (D:1)
  A frilled lizard (D:1)
  2 rats (D:1)
19 creatures vanquished.

Notes
Turn   | Place    | Note
-------+----------+-------------------------------------------
     0 | D:1      | qw the Tengu Warper began the quest for the Orb.
     0 | D:1      | Reached XP level 1. HP: 12/12 MP: 4/4
     0 | D:1      | 0 ||| qw: Version: 0.1-a-89-g26bdef1
     0 | D:1      | 0 ||| qw: Game counter: 136
     0 | D:1      | 0 ||| qw: Always use a shield: true
     0 | D:1      | 0 ||| qw: God list: Okawaru
     0 | D:1      | 0 ||| qw: Allow faded altars: false
     0 | D:1      | 0 ||| qw: Do Orc after D:15 true
     0 | D:1      | 0 ||| qw: Do second Lair branch before Depths: true
     0 | D:1      | 0 ||| qw: Lair rune preference: random
     0 | D:1      | 0 ||| qw: Plans: Normal
     0 | D:1      | 0 ||| PLANNING D:1-11
    20 | D:1      | Noticed an electric eel
    91 | D:1      | 91 ||| Stepping ~*~*~tactically~*~*~ (stealth).
   260 | D:1      | Reached XP level 2. HP: 17/17 MP: 6/6
   266 | D:1      | Reached skill level 3 in Axes
   290 | D:1      | Found a faded altar of an unknown god.
   828 | D:1      | 828 ||| UPGRADING to +0 ring mail.
   838 | D:1      | 838 ||| DROPPING +0 leather armour.
   839 | D:1      | 839 ||| DROPPING ring of flight.
   840 | D:1      | 840 ||| READING 3 scrolls labelled AZEXKAIMOE.
   841 | D:1      | 841 ||| READING scroll labelled ZABERODADA.
   842 | D:1      | 842 ||| READING scroll labelled MAOMED QEGRE.
   843 | D:1      | 843 ||| DRINKING 2 red potions.
   844 | D:1      | 844 ||| READING 2 scrolls of identify.
   844 | D:1      | 844 ||| IDENTIFYING viscous orange potion
   845 | D:1      | 845 ||| DROPPING scroll of blinking.
   846 | D:1      | 846 ||| DROPPING potion of invisibility.
   847 | D:1      | 847 ||| Stepping randomly (stuck).
   848 | D:1      | 848 ||| Stepping ~*~*~tactically~*~*~ (cloud).
   849 | D:1      | HP: 3/17 [poisoned by you (poison gas)]
   851 | D:1      | Succumbed to their own poison gas

Levels and vault maps discovered:
D:1:      arrival_aquarium_a, layout_basic, basic_ecumenical_altar,
          ebering_dispersal_statue_hall

Skill      XL: |  1  2 |
---------------+-------+-----
Axes           | 3 |  3.6
Fighting       | |  2.0
Throwing       | |  1.0
Armour         | |  1.1
Dodging        | |  2.1
Spellcasting   | |  2.0
Translocations | |  2.4

Action                   || total
-------------------------++-------
Melee: Hand axe          ||    41
       Kick              ||     9
       Peck              ||     4
Throw: Boomerang         ||     7
  Use: Scroll            ||     4
       Potion            ||     1
Armor: Leather armour    ||    11
Dodge: Dodged            ||    20

Table legend:
 A = Non-vault XP
 B = Vault XP
 C = Vault XP percentage of total XP
 D = Non-vault monster count
 E = Vault monster count
 F = Vault count percentage of total count
                 A         B        C        D         E       F
            +---------+---------+-------+---------+---------+-------
      Total |      30 |       0 |   0.0 |      19 |       0 |   0.0
            +---------+---------+-------+---------+---------+-------
        D:1 |      30 |       0 |   0.0 |      19 |       0 |   0.0
            +---------+---------+-------+---------+---------+-------
